 Dungeon Crawl Stone Soup version 0.25-a0-668-gea548f19b6 (webtiles) character file.

Game seed: 14459343824869911353, levelgen mode: deterministic

3748 NinaNina the Grappler (level 9, -3/88 HPs)
             Began as a Troll Monk on Mar 28, 2020.
             Was an Elder of Vehumet.
             Slain by Erica
             ... wielding a +2 scimitar of flaming
              (6 damage)
             ... on level 8 of the Dungeon.
             The game lasted 00:56:37 (7598 turns).

NinaNina the Grappler (Troll Monk)                  Turns: 7598, Time: 00:56:38

Health: -3/88      AC:  7    Str: 23    XL:     9   Next: 93%
Magic:  8/8        EV: 11    Int:  6    God:    Vehumet [****..]
Gold:   304        SH:  0    Dex: 18    Spells: 8/8 levels left

rFire    . . .     SeeInvis .     - Unarmed
rCold    . . .     Gourm    +   (no shield)
rNeg     . . .     Faith    .   u - +1 robe "Ynlalig" {Dex+5}
rPois    .         Spirit   .   (helmet restricted)
rElec    .         Reflect  .   (no cloak)
rCorr    .         Harm     .   (gloves unavailable)
MR       .....                  (boots unavailable)
Stlth    +.........             (no amulet)
HPRegen  0.64/turn              f - ring of flight
MPRegen  0.11/turn              g - ring of attention

@: slowed, very slow
A: large, unfitting armour, claws 3, fast metabolism 3, gourmand, regeneration
1, shaggy fur 1, tough skin 3
a: Renounce Religion, Evoke Flight


You were on level 8 of the Dungeon.
You worshipped Vehumet.
Vehumet was greatly pleased with you.
You were very full.

You visited 2 branches of the dungeon, and saw 9 of its levels.

You collected 304 gold pieces.

Inventory:

Armour
 i - a +1 robe of cold resistance
 u - the +1 robe "Ynlalig" (worn) {Dex+5}
   (You found it on level 5 of the Dungeon)

   It affects your dexterity (+5).
Jewellery
 f - a ring of flight (left claw)
 g - a ring of attention (right claw)
Wands
 a - a wand of paralysis (8)
 p - a wand of digging (6)
Scrolls
 d - 2 scrolls of fog
 h - 3 scrolls of fear
 j - 2 scrolls of remove curse
 m - 4 scrolls of teleportation
 n - a scroll of identify
 o - 2 scrolls of blinking
 q - a scroll of brand weapon {unknown}
 s - a scroll of enchant armour
Potions
 k - a potion of stabbing
 l - 2 potions of mutation
 r - a potion of degeneration
 t - 3 potions of brilliance {unknown}
 v - a potion of cancellation {unknown}
 w - 2 potions of ambrosia
 x - a potion of might {unknown}
 z - 2 potions of magic {unknown}
 A - 2 potions of heal wounds
Comestibles
 b - 19 rations


   Skills:
 * Level 5.2 Fighting
 - Level 2.4 Dodging
 - Level 1.0 Stealth
 * Level 13.0 Unarmed Combat
 - Level 0.6 Evocations


You had 8 spell levels left.
You didn't know any spells.
Your spell library was empty.

Dungeon Overview and Level Annotations

Branches:
Dungeon (8/15)             Temple (1/1) D:4
   Lair: D:8-11

Altars:
Ashenzari
Cheibriados
Dithmenos
Elyvilon
Fedhas
Gozag
Hepliaklqana
Kikubaaqudgha
Makhleb
Nemelex Xobeh
Okawaru
Qazlal
Ru
Sif Muna
Trog
Uskayaw
Vehumet
Wu Jian
Xom
Yredelemnul
The Shining One

Shops:
D:6 *

Annotations:
D:6 1 runed translucent door
D:8 Erica


Innate Abilities, Weirdness & Mutations

You are too large for most types of armour.
You have claws for hands.
Your metabolism is lightning-fast.
You like to eat raw meat.
Your natural rate of healing is unusually fast.
You are covered in fur. (AC +1)
You have extremely tough skin. (AC +3)


Message History

* * * LOW HITPOINT WARNING * * *
You mangle Erica!!
Erica is heavily wounded.
You feel sick.
Erica hits you with a +2 scimitar of flaming.
* * * LOW HITPOINT WARNING * * *
Erica burns you.
* * * LOW HITPOINT WARNING * * *
You feel better. Erica barely misses you.
Erica hits you with a +2 scimitar of flaming!
* * * LOW HITPOINT WARNING * * *
Erica burns you.
* * * LOW HITPOINT WARNING * * *
You scratch Erica.
Erica is severely wounded.
Erica casts a spell.
Erica flickers and vanishes!
Deactivating autopickup; reactivate with Ctrl-A.
You miss something. Something hits you.
You die...

#########.......#
#.......# #.......#
#@......#
######.......#
#............#
#............# .##
#.....########.....
#.....).{@.........
#.....#............
#.....#............
#.....#.....##...##
#.....#.....# +###
#.....#.....#
#.....#.....#
#.....#.....+


There were no monsters in sight!

Vanquished Creatures
  2 two-headed ogres
  Sigmund (D:2)
  An orc warrior (D:6)
  An ice beast (D:8)
  A phantom (D:5)
  5 ogres
  A centaur (D:5)
  3 bullfrogs
  2 wyvern skeletons
  2 scorpions (D:4)
  2 howler monkeys
  A crimson imp (D:7)
  A centaur zombie (D:5)
  2 bullfrog zombies
  5 hounds
  An orc priest (D:7)
  3 bullfrog skeletons
  A jelly (D:7)
  5 orc wizards
  An iguana (D:5)
  6 worker ants
  A hound skeleton (D:5)
  A worker ant zombie (D:5)
  15 gnolls
  13 adders
  An ooze (D:3)
  An adder zombie (D:3)
  7 worms
  A dart slug (D:1)
  2 leopard geckos
  18 orcs
  3 bats
  8 giant cockroaches
  4 goblins
  7 hobgoblins
  13 jackals
  9 kobolds
  2 quokkas
  3 ball pythons
  5 frilled lizards
  A leopard gecko skeleton (D:6)
  4 rats
  A bush (Temple)
  A butterfly (D:4)
  A plant (Temple)
169 creatures vanquished.

Notes
Turn   | Place    | Note
-------+----------+-------------------------------------------
     0 | D:1      | NinaNina the Troll Monk began the quest for the Orb.
     0 | D:1      | Reached XP level 1. HP: 22/22 MP: 0/0
   129 | D:1      | Reached XP level 2. HP: 28/29 MP: 1/1
  1172 | D:2      | Found a faded altar of an unknown god.
  1199 | D:2      | Reached XP level 3. HP: 32/36 MP: 2/2
  1492 | D:2      | Reached skill level 4 in Unarmed Combat
  1738 | D:2      | Noticed Sigmund
  1770 | D:2      | Killed Sigmund
  1770 | D:2      | Reached skill level 5 in Unarmed Combat
  1770 | D:2      | Reached XP level 4. HP: 20/45 MP: 3/3
  1770 | D:2      | Reached XP level 5. HP: 24/53 MP: 4/4
  2172 | D:2      | Became a worshipper of Vehumet
  2172 | D:2      | Reached * piety under Vehumet
  2172 | D:2      | Offered knowledge of Shock by Vehumet.
  2172 | D:2      | Reached ** piety under Vehumet
  2320 | D:3      | Offered knowledge of Foxfire by Vehumet.
  2464 | D:3      | Reached *** piety under Vehumet
  2475 | D:3      | Offered knowledge of Searing Ray by Vehumet.
  2519 | D:3      | Reached skill level 6 in Unarmed Combat
  2519 | D:3      | Reached XP level 6. HP: 57/61 MP: 5/5
  3189 | D:4      | Offered knowledge of Sticky Flame by Vehumet.
  3287 | D:4      | Found a staircase to the Ecumenical Temple.
  3318 | D:4      | Reached skill level 7 in Unarmed Combat
  3375 | D:4      | Reached XP level 7. HP: 52/67 MP: 6/6
  3725 | Temple   | Entered the Ecumenical Temple
  4001 | D:5      | Entered Level 5 of the Dungeon
  4324 | D:5      | Reached skill level 8 in Unarmed Combat
  4349 | D:5      | Got a steaming robe
  4488 | D:5      | Reached skill level 9 in Unarmed Combat
  4488 | D:5      | Reached XP level 8. HP: 62/78 MP: 7/7
  4685 | D:5      | Reached **** piety under Vehumet
  5163 | D:6      | Reached skill level 10 in Unarmed Combat
  5175 | D:6      | Noticed a two-headed ogre
  5192 | D:6      | HP: 3/78 [gnoll/+0 halberd (9)]
  5196 | D:6      | Killed a two-headed ogre
  5196 | D:6      | Reached skill level 11 in Unarmed Combat
  5196 | D:6      | Reached XP level 9. HP: 19/85 MP: 8/8
  5201 | D:6      | Offered knowledge of Lightning Bolt by Vehumet.
  5206 | D:6      | Found a shimmering altar of Xom.
  5566 | D:6      | Found a glowing golden altar of the Shining One.
  5567 | D:6      | Found a runed translucent door.
  5567 | D:6      | Noticed an angel
  5970 | D:6      | Found Sytibaud's Lightly-Used Armoury.
  6443 | D:7      | Identified the +1 robe "Ynlalig" {Dex+5} (You found it on
                  | level 5 of the Dungeon)
  6549 | D:7      | Reached skill level 12 in Unarmed Combat
  7444 | D:8      | Reached skill level 5 in Fighting
  7513 | D:8      | Noticed a two-headed ogre
  7513 | D:8      | Noticed Erica
  7584 | D:8      | Killed a two-headed ogre
  7584 | D:8      | Reached skill level 13 in Unarmed Combat
  7596 | D:8      | HP: 2/88 [Erica/+2 scimitar of flaming (5)]
  7598 | D:8      | Slain by Erica

Levels and vault maps discovered:
D:1:      matt_arrival_refuge, layout_basic
D:2:      layout_basic, chequers_ecumenical_altar_simple_redux,
          bh_walls_and_bars, uniq_sigmund
D:3:      layout_loops_cross
D:4:      layout_cave_pools, minmay_temple_entry_butterflies
D:5:      layout_loops_ring, first_ration
D:6:      layout_loops_corners, basic_altar, minmay_liquid_box,
          minmay_shop_damaged, lemuel_angel_altar
D:7:      layout_basic
D:8:      layout_gridville, enter_bailey_8, uniq_erica
Temple:   kilobyte_greek_temple

Skill      XL: |  1  2  3  4  5  6  7  8  9 |
---------------+----------------------------+-----
Unarmed Combat | 5 6 7 9 11 13 | 13.0
Fighting       | 3 4 5 |  5.2
Dodging        | |  2.4
Stealth        | |  1.0
Evocations     | |  0.6

Action                   |  1- 3 |  4- 6 |  7- 9 || total
-------------------------+-------+-------+-------++-------
Melee: Unarmed           |    83 |   115 |   295 ||   493
       Punch             |     3 |     1 |    21 ||    25
 Abil: Evoke Flight      |     1 |     1 |     1 ||     3
  Use: Potion            |     2 |       |     6 ||     8
       Scroll            |       |       |    14 ||    14
 Stab: Sleeping          |     1 |     2 |     1 ||     4
  Eat: Chunk             |    21 |    15 |    37 ||    73
Armor: Robe              |    23 |    25 |    58 ||   106
Dodge: Dodged            |    28 |    41 |   123 ||   192

Table legend:
 A = Non-vault XP
 B = Vault XP
 C = Vault XP percentage of total XP
 D = Non-vault monster count
 E = Vault monster count
 F = Vault count percentage of total count
                 A         B        C        D         E       F
            +---------+---------+-------+---------+---------+-------
      Total |    5147 |     208 |   3.9 |     165 |       1 |   0.6
            +---------+---------+-------+---------+---------+-------
        D:1 |      28 |       0 |   0.0 |      16 |       0 |   0.0
        D:2 |      70 |     208 |  74.8 |      23 |       1 |   4.2
        D:3 |     109 |       0 |   0.0 |      22 |       0 |   0.0
        D:4 |     376 |       0 |   0.0 |      23 |       0 |   0.0
        D:5 |     891 |       0 |   0.0 |      25 |       0 |   0.0
        D:6 |    2018 |       0 |   0.0 |      36 |       0 |   0.0
        D:7 |     537 |       0 |   0.0 |      17 |       0 |   0.0
        D:8 |    1118 |       0 |   0.0 |       3 |       0 |   0.0
            +---------+---------+-------+---------+---------+-------
